AoeStats
← postavič

Lombardia

509905820Analyzed
4v4 RM · 5d ago on Sep 28, 2026· 23m 46s· 8 players
Game mode
Random Map
Map size
Large (8 player)
Population
200
Speed
Normal
Resources
Standard
Victory
Conquest
Starting age
Dark Age
Ending age
Imperial Age
RankedLock teamsTeams togetherTeam positionsShared explorationLock speedFull tech treeHidden civsTurbo modeCheats
Victory
Defeat
🇹🇼 Spanish · Taiwan
1848
+11
🇹🇼 Saxons · Taiwan
1845
+11
🇹🇼 Danes · Taiwan
1843
+11
🇹🇼 Persians · Taiwan
1699
+17
🇨🇿 Celts · Czechia
1888
-20
🇨🇿 Mapuche · Czechia
1751
-13
🇨🇿 Varangians · Czechia
1643
-9
🇨🇿 Magyars · Czechia
1608
-8
postavič
7:15 Loom
9:22 Feudal Age
10:53 Double-Bit Axe
22:35 Castle Age
23:03 Fletching
Bedrich
8:37 Loom
10:31 Feudal Age
12:03 Double-Bit Axe
14:46 Castle Age
17:28 Scale Barding Armor
20:43 Horse Collar
23:31 Chain Barding Armor
Tarbiczek
5:25 Loom
9:30 Feudal Age
9:56 Double-Bit Axe
9:51 Horse Collar
19:54 Castle Age
alesh
5:03 Loom
10:26 Feudal Age
15:05 Castle Age
13:43 Double-Bit Axe
15:09 Fletching
19:03 Bow Saw
20:31 Horse Collar
GKT_Cloud
2:07 Loom
9:12 Feudal Age
10:42 Fletching
17:45 Padded Archer Armor
20:48 Double-Bit Axe
DYS.K
11:03 Feudal Age
14:38 Castle Age
12:33 Double-Bit Axe
12:50 Horse Collar
15:25 Bow Saw
15:16 Heavy Plow
21:27 Wheelbarrow
21:49 Heavy Plow
22:45 Loom
23:44 Gold Mining
24:02 Town Watch
24:33 Hand Cart
[LuB]a61
9:07 Loom
10:52 Feudal Age
15:51 Castle Age
13:40 Double-Bit Axe
14:40 Horse Collar
16:49 Bow Saw
21:55 Padded Archer Armor
23:54 Husbandry
DemonSheep
5:56 Loom
8:29 Feudal Age
9:11 Double-Bit Axe
9:54 Horse Collar
19:08 Castle Age
19:50 Wheelbarrow
20:17 Bow Saw
23:50 Heavy Plow
Connection lost

Rejoining the realm…

Still unreachable

The connection could not be restored.

Session expired

The server has moved on; the page needs a fresh start.